 Dungeon Crawl Stone Soup version 0.29.1-12-g30fa7ad0bf (webtiles) character file.

Game seed: 6114207882991792321

45 FexLirch the Digger (level 4, -10/33 HPs)
             Began as a Meteoran Earth Elementalist on Jan 3, 2023.
             Mangled by Edmund
             ... wielding a +2 dire flail of protection
              (19 damage)
             ... on level 4 of the Dungeon.
             The game lasted 00:02:41 (357 turns).

FexLirch the Digger (Meteoran Earth Elementalist)    Turns: 357, Time: 00:02:42

Health: -10/33     AC:  2    Str:  9    XL:     4   Next: 12%
Magic:  0/10       EV: 12    Int: 18    God:
Gold:   6          SH:  0    Dex: 15    Spells: 4/10 levels left

rFire   . . .      SeeInvis .   g - +0 short sword
rCold   . . .      Faith    .   (no shield)
rNeg    . . .      Spirit   .   a - +0 robe
rPois   .          Reflect  .   (no helmet)
rElec   .          Harm     .   (no cloak)
rCorr   .          Rampage  .   (no gloves)
Will    .....                   (no boots)
Stlth   +.........              (no amulet)
HPRegen 0.11/turn               (no ring)
MPRegen 0.12/turn               (no ring)

@: glowing
A: sense surroundings 1, otherworldly, glowing, explore regen
a: no special abilities


You were on level 4 of the Dungeon.
You visited 1 branch of the dungeon, and saw 4 of its levels.

You collected 6 gold pieces.

Inventory:

Hand Weapons
 c - a +0 club
 g - a +0 short sword (weapon)
Armour
 a - a +0 robe (worn)
Jewellery
 e - an amulet of faith
 i - an amulet of reflection
Scrolls
 d - 4 scrolls of identify {unknown}
 f - 2 scrolls of butterflies {unknown}
 h - a scroll of teleportation {unknown}
 j - a scroll of enchant weapon {unknown}
 k - a scroll of blinking {unknown}
Potions
 b - a potion of magic
 l - a potion of degeneration {unknown}
 m - a potion of brilliance {unknown}


   Skills:
 - Level 2.4 Dodging
 - Level 1.4 Stealth
 + Level 3.5 Spellcasting
 + Level 2.0 Conjurations
 - Level 1.2 Transmutations
 + Level 4.3 Earth Magic


You had 4 spell levels left.
You knew the following spells:

 Your Spells              Type           Power      Damage    Failure   Level
a - Sandblast             Erth           36%        2d10      2%          1
b - Passwall              Tmut/Erth      10%        N/A       8%          2
c - Stone Arrow           Conj/Erth      28%        3d8       12%         3

Your spell library contained the following spells:

 Spells                   Type           Power      Damage    Failure   Level
 Petrify                  Tmut/Erth      13%        N/A       43%         4
 Corpse Rot               Necr/Pois/Air  3%         N/A       83%         4
 Dispel Undead            Necr           3%         3d7       83%         4
 Death Channel            Necr           1%         N/A       100%        6


Dungeon Overview and Level Annotations

Branches:
Dungeon (4/15) Zot: 2024
 Temple: D:4-7

Altars:

Annotations:
D:4 Edmund


Innate Abilities, Weirdness & Mutations

You passively map a small area around you.
You are easily found by Zot.
You glow in the dark.
You regain HP and MP as you explore.


Message History

Aiming: Stone Arrow (quite dangerous; 12% risk of failure)
Press: ? - help, Shift-Dir - straight line, f - Edmund
Aim: Edmund, wielding a +2 dire flail of protection and wearing a +3 chain mail of fire resistance (asleep, 100% to hit)
The stone arrow hits Edmund but does no damage.
Edmund shouts!
Edmund hits you with a +2 dire flail of protection!
Casting: Stone Arrow (quite dangerous; 12% risk of failure)
Confirm with . or Enter, or press ? or * to list all spells.
Aiming: Stone Arrow (quite dangerous; 12% risk of failure)
Press: ? - help, Shift-Dir - straight line, f/p - Edmund
Aim: Edmund, wielding a +2 dire flail of protection and wearing a +3 chain mail of fire resistance (77% to hit)
The stone arrow misses Edmund.
Edmund hits you with a +2 dire flail of protection!
Casting: Stone Arrow (quite dangerous; 12% risk of failure)
Confirm with . or Enter, or press ? or * to list all spells.
Aiming: Stone Arrow (quite dangerous; 12% risk of failure)
Press: ? - help, Shift-Dir - straight line, f/p - Edmund
Aim: Edmund, wielding a +2 dire flail of protection and wearing a +3 chain mail of fire resistance (77% to hit)
The stone arrow hits Edmund!
Edmund is moderately wounded.
Edmund barely misses you.
Casting: Stone Arrow (quite dangerous; 12% risk of failure)
Confirm with . or Enter, or press ? or * to list all spells.
Aiming: Sandblast (safe; 2% risk of failure)
Press: ? - help, Shift-Dir - straight line, f/p - Edmund
Aim: Edmund, wielding a +2 dire flail of protection and wearing a +3 chain mail of fire resistance (moderately wounded, 87% to hit)
The blast of sand hits Edmund but does no damage.
Edmund is moderately wounded.
Edmund hits you with a +2 dire flail of protection!
* * * LOW HITPOINT WARNING * * *
Casting: Sandblast (safe; 2% risk of failure)
Confirm with . or Enter, or press ? or * to list all spells.
Aiming: Sandblast (safe; 2% risk of failure)
Press: ? - help, Shift-Dir - straight line, f/p - Edmund
Aim: Edmund, wielding a +2 dire flail of protection and wearing a +3 chain mail of fire resistance (moderately wounded, 87% to hit)
The blast of sand hits Edmund!
Edmund is heavily wounded.
Edmund hits you with a +2 dire flail of protection!!
Ouch! That really hurt!
You die...

, , ,*, ,
* , , ,,
, ~ ,, ,
####, ,*
, #..# ,
,* #@.# ,
,
#@.....#
,#....#)#
###### ,
* , ,,, ,
* * * * *


You could see Edmund.

Vanquished Creatures
  2 adders (D:3)
  A worm (D:3)
  A dart slug (D:2)
  2 bats (D:2)
  3 endoplasms
  A hobgoblin (D:3)
  2 kobolds (D:3)
  2 quokkas
  A ball python (D:3)
  A frilled lizard (D:1)
  2 goblins
  6 rats
24 creatures vanquished.

Notes
Turn   | Place    | Note
-------+----------+-------------------------------------------
     0 | D:1      | FexLirch the Meteoran Earth Elementalist began the quest
                  | for the Orb.
     0 | D:1      | Reached XP level 1. HP: 14/14 MP: 5/5
   103 | D:2      | Reached XP level 2. HP: 14/20 MP: 3/6
   106 | D:2      | Reached skill level 1 in Conjurations
   111 | D:2      | HP: 1/20 [frozen (1)]
   152 | D:3      | Reached skill level 4 in Earth Magic
   152 | D:3      | Reached XP level 3. HP: 22/26 MP: 5/8
   161 | D:3      | Learned a level 2 spell: Passwall
   165 | D:3      | Learned a level 3 spell: Stone Arrow
   324 | D:3      | Reached XP level 4. HP: 33/33 MP: 3/10
   352 | D:4      | Noticed Edmund
   357 | D:4      | Mangled by Edmund

Illustrated notes

Levels and vault maps discovered:
D:1:      mrwooster_arrival_arrow, layout_loops_ring,
          ebering_ecumenical_altar_sacrificial, serial_bayou_lagoon_b
D:2:      layout_loops_cross, serial_glass, glass_columns_a, glass_columns_a,
          due_unseen_surprise, mrwooster_statue_mirror, uniq_crazy_yiuf_cottage
D:3:      layout_rooms, nicolae_ru_the_path_less_chosen, serial_shops, shop,
          minmay_statues_item
D:4:      layout_basic, serial_shops, nicolae_shop_stone,
          sigmund_edmund_badplayer

Skill      XL: |  1  2  3 |
---------------+----------+-----
Spellcasting   | 3 |  3.5
Conjurations   | 1 2 |  2.0
Earth Magic    | 4 |  4.3
Dodging        | |  2.4
Stealth        | |  1.4
Transmutations | |  1.2

Action                   |  1- 3 |  4- 6 || total
-------------------------+-------+-------++-------
Melee: Club              |     4 |       ||     4
       Punch             |     1 |       ||     1
       Short sword       |       |     2 ||     2
 Cast: Sandblast         |    29 |     4 ||    33
       Stone Arrow       |     4 |     3 ||     7
Armor: Robe              |     4 |       ||     4
Dodge: Dodged            |     4 |     2 ||     6
